cohdb
Replays
Latest Replays
All Replays
Popular Replays
Top Player Replays
Match Explorer
How It Works
Community
CoH3 Stats
Reddit
Sign in to upload your games and track your stats! →
Sign in with Steam
Match 45496210
Unlisted
Match 45496210
Overview
Messages
Build Orders
End
Construct Barracks
Construct Weapon Support Center
Scout Squad
Selects Armored Battlegroup
Selects Veteran Crews
M1919 Machine Gun Team
Scout Squad
M1919 Machine Gun Team
Mechanized Support Center
Selects Fast Deploy
M3 Armored Personnel Carrier
Engineer Squad
Construct Medical Station
M3 Armored Personnel Carrier
Mortar Pit
M3 Armored Personnel Carrier
M3 Armored Personnel Carrier
Salvage Crew
Designate Forward Repair Station
M1919 Machine Gun Team
Engineer Squad
Mortar Pit
Selects Seek and Destroy
M3 Armored Personnel Carrier
Construct Motor Pool
Graouw
Craigers
....
Pops
娘希匹,优势在我!
Restzeit
1q2w3e4r
...........
0
0
Comments
sign in to comment!
No comments posted yet!